AoeStats
← max.picozzi

Golden Pit

509747013Analyzed
1v1 RM · 5d ago on Sep 27, 2026· 55m 15s· 2 players
Game mode
Random Map
Map size
Tiny (2 player)
Population
200
Speed
Normal
Resources
Standard
Victory
Conquest
Starting age
Dark Age
Ending age
Imperial Age
RankedLock teamsTeams togetherTeam positionsShared explorationLock speedFull tech treeHidden civsTurbo modeCheats
Victory
Defeat
🇺🇸 Inca · United States
652
+15
🇮🇹 Teutons · Italy
631
-32
max.picozzi
12:02 Feudal Age
12:44 Double-Bit Axe
12:41 Horse Collar
13:22 Arson
16:04 Gold Mining
16:11 Stone Mining
16:30 Loom
18:07 Wheelbarrow
17:20 Town Watch
18:45 Man-at-Arms
23:42 Castle Age
25:55 Stone Shaft Mining
27:41 Gambesons
27:17 Long Swordsman
28:57 Bow Saw
28:51 Heavy Plow
30:48 Hand Cart
43:37 Imperial Age
42:41 Town Patrol
44:07 Capped Ram
44:18 Elite Teutonic Knight
46:42 Ironclad
48:51 Two-Man Saw
48:24 Crop Rotation
49:51 Two-Handed Swordsman
52:58 Cavalier
53:50 Bloodlines
54:51 Paladin
Skallagrime
4:53 Loom
6:31 Loom
13:09 Feudal Age
15:12 Wheelbarrow
14:20 Horse Collar
14:26 Double-Bit Axe
16:13 Town Watch
21:29 Fletching
25:01 Castle Age
24:50 Padded Archer Armor
24:58 Gold Mining
25:56 Bodkin Arrow
26:16 Leather Archer Armor
25:28 Elite Skirmisher
27:17 Murder Holes
27:02 Treadmill Crane
27:43 Ballistics
27:14 Guard Tower
28:24 Hand Cart
28:23 Bow Saw
29:15 Scale Mail Armor
31:43 Andean Sling
32:04 Thumb Ring
32:42 Champi Runner
34:09 Chain Mail Armor
34:06 Masonry
35:13 Squires
34:39 Champi Warrior
36:29 Heavy Plow
36:43 Forging
39:41 Iron Casting
44:49 Gold Shaft Mining
44:05 Stone Mining
44:19 Town Patrol
47:55 Imperial Age
47:39 Stone Shaft Mining
49:01 Conscription
50:07 Bracer
51:11 Chemistry
50:17 Siege Engineers
49:36 Capped Ram
49:39 Heavy Scorpion
51:16 Crop Rotation
50:16 Elite Champi Warrior
51:21 Fabric Shields
53:01 Pikeman
53:04 Elite Kamayuk
Connection lost

Rejoining the realm…

Still unreachable

The connection could not be restored.

Session expired

The server has moved on; the page needs a fresh start.